 Dungeon Crawl Stone Soup version 0.32-a0-732-ga344392067 (webtiles) character file.

Game seed: 15385151893780267130

3213 gimp the Skirmisher (level 9, -5/108 HPs)
             Began as a Coglin Hunter on Mar 16, 2024.
             Was a Follower of Okawaru.
             Slain by an orc knight
             ... wielding a +0 glaive
              (9 damage)
             ... in a bailey.
             The game lasted 00:12:32 (7408 turns).

gimp the Skirmisher (Coglin Hunter)                 Turns: 7408, Time: 00:12:32

Health: -5/108     AC: 24    Str: 10 (12) XL:     9   Next: 97%
Magic:  8/10       EV:  2    Int:  8 (9)  God:    Okawaru [*.....]
Gold:   415        SH:  0    Dex: 21 (23) Spells: 8/8 levels left

rFire   . . .        a - +2 sling {Johann}
rCold   . . .        d - +0 sling {Mei}
rNeg    . . .        c - melded +1 leather armour
rPois   +            (helmet currently unavailable)
rElec   .            F - melded +2 cloak
rCorr   .            (gloves currently unavailable)
SInv    .            b - melded +2 pair of boots
Will    +....        (no amulet)
Stlth   ++++         (no ring)
HPRegen 0.38/turn    (no ring)
MPRegen 0.12/turn    (no gizmo)

%: no passive effects
@: brilliant, tree-form, heroic, enlightened, revving
A: stationary, stasis, torment immunity, boosted hp, off-hand wielding, slow
wielding, warmup strikes, (no jewellery), thin skeletal structure 1
a: Invent Gizmo, Renounce Religion, Heroism


You were in a bailey.
You worshipped Okawaru.
Okawaru was aware of your devotion.
You were a tree.
You visited 2 branches of the dungeon, and saw 9 of its levels.
You also visited: Bailey.

You collected 415 gold pieces.

Inventory:

Hand Weapons
 a - a +2 sling (weapon) {Johann}
 d - a +0 sling (offhand) {Mei}
Armour
 b - a +2 pair of boots (melded)
 c - a +1 leather armour (melded)
 F - a +2 cloak (melded)
Scrolls
 e - a scroll of enchant weapon
 g - 7 scrolls of identify
 h - 3 scrolls of fog
 j - 3 scrolls of noise {unknown}
 k - 2 scrolls of vulnerability {unknown}
 o - a scroll of teleportation
 s - 4 scrolls of poison {unknown}
 y - a scroll of amnesia
Potions
 f - a potion of heal wounds {unknown}
 i - a potion of degeneration
 m - a potion of curing
 p - a potion of magic {unknown}
 t - a potion of haste {unknown}
 u - a potion of enlightenment
 v - a potion of mutation
 w - a potion of resistance {unknown}
 z - a potion of might {unknown}
 A - a potion of brilliance
 E - a potion of ambrosia {unknown}


   Skills:
 - Level 7.0(12.0) Fighting
 * Level 11.3(16.3) Ranged Weapons
 - Level 1.7(6.7) Dodging
 - Level 0.7(5.7) Stealth
 + Level 1.5 Invocations


You had 8 spell levels left.
You didn't know any spells.
Your spell library contained the following spells:

 Spells                   Type           Power      Damage    Failure   Level
 Mercury Vapours          Alch/Air       0%         N/A       54%         2
 Mephitic Cloud           Conj/Alch/Air  0%         N/A       78%         3
 Freezing Cloud           Conj/Ice/Air   0%         6-21      100%        5


Dungeon Overview and Level Annotations

Branches:
Dungeon (8/15)             Temple (1/1) D:6            Lair (0/5) D:8
 Bailey (1/1)

Altars:
Cheibriados
Dithmenos
Elyvilon
Hepliaklqana
Kikubaaqudgha
Makhleb
Nemelex Xobeh
Okawaru
Sif Muna
Trog
Vehumet
Wu Jian
Xom
Yredelemnul
Zin
The Shining One

Annotations:
D:3 Sigmund
D:8 Maggie
Temple 2 transporters


Innate Abilities, Weirdness & Mutations

You are a tree.
Your roots penetrate the ground, keeping you stationary.
You cannot be teleported.
You are immune to unholy pain and torment.
Your maximum health is greatly increased.
Your equipment is partially melded.
You can wield a second weapon in your off-hand.
It takes a long time for you to wield or remove held weapons.
Your first few attacks do less damage.
((You cannot equip rings or amulets.))
You have a somewhat thin skeletal structure. (Dex +2, Stealth+)


Message History

The sling bullet hits the orc knight but does no damage.
The orc knight is lightly wounded.
You shoot a sling bullet. The sling bullet hits the orc knight.
The orc knight is lightly wounded.
You shoot a sling bullet. The sling bullet hits the orc knight!
The orc knight is lightly wounded.
The orc knight struggles against the net.
You shoot a sling bullet. The sling bullet hits the orc knight.
The orc knight is moderately wounded.
You shoot a sling bullet. The sling bullet hits the orc knight!
The orc knight is moderately wounded.
The orc knight struggles against the net.
You shoot a sling bullet.
The sling bullet hits the orc knight but does no damage.
The orc knight is moderately wounded.
You shoot a sling bullet.
The sling bullet hits the orc knight but does no damage.
The orc knight is moderately wounded.
The orc knight struggles against the net.
The net rips apart, and the orc knight comes free!
You shoot a sling bullet. The sling bullet hits the orc knight.
The orc knight is moderately wounded.
You shoot a sling bullet.
The sling bullet closely misses the orc knight.
The orc knight hits you from afar with a +0 glaive!
You take 11 damage, and have 61/72 hp.
You shoot a sling bullet. The sling bullet hits the orc knight!
The orc knight is heavily wounded.
You shoot a sling bullet.
The sling bullet barely misses the orc knight.
The orc knight barely misses you.
You fail to use your ability.
The orc knight hits you from afar with a +0 glaive!!
You take 20 damage, and have 41/72 hp.
MASSIVE DAMAGE!!
You fail to use your ability.
The orc knight hits you from afar with a +0 glaive!
You take 9 damage, and have 32/72 hp.
You gain the combat prowess of a mighty hero.
The orc knight hits you from afar with a +0 glaive!
* * * LOW HITPOINT WARNING * * *
You take 17 damage, and have 15/72 hp.
MASSIVE DAMAGE!!
You now have 8/10 mp.
It was a potion of degeneration.
There was something very wrong with that liquid.
You feel weakened.
You feel dopey.
You feel clumsy.
The orc knight hits you from afar with a +0 glaive!
* * * LOW HITPOINT WARNING * * *
You take 8 damage, and have 7/72 hp.
It was a potion of enlightenment.
You feel very buoyant.
You fly up into the air.
The orc knight misses you.
It was a potion of mutation.
You feel extremely strange.
Your bones become slightly less dense.
The orc knight completely misses you.
It was a potion of brilliance.
You feel clever all of a sudden. The orc knight closely misses you.
Okay, then.
Okay, then.
Okay, then.
It was a potion of lignification.
You turn into a tree.
Your +2 cloak melds into your body.
Your +2 pair of boots melds into your body.
Your +1 leather armour melds into your body.
Your roots penetrate the ground.
The orc knight hits you from afar with a +0 glaive.
* * * LOW HITPOINT WARNING * * *
You now have 12/108 hp.
Unknown command.
Unknown command.
Unknown command.
Unknown command.
Fire: a) +2 sling {Johann}
Press: ? - help, Q - select action, (/) - cycle Shift-Dir - straight line, f/p - orc knight
Aim: an orc knight, wielding a +0 glaive and wearing a +0 scale mail (heavily wounded, 69% to hit)
You shoot a sling bullet.
The sling bullet closely misses the orc knight.
You shoot a sling bullet.
The sling bullet hits the orc knight but does no damage.
The orc knight is heavily wounded.
The orc knight hits you from afar with a +0 glaive!
* * * LOW HITPOINT WARNING * * *
You take 9 damage, and have 3/108 hp.
Fire: a) +2 sling {Johann}
Press: ? - help, Q - select action, (/) - cycle Shift-Dir - straight line, f/p - orc knight
Aim: an orc knight, wielding a +0 glaive and wearing a +0 scale mail (heavily wounded, 69% to hit)
You shoot a sling bullet.
The sling bullet closely misses the orc knight.
You shoot a sling bullet.
The sling bullet closely misses the orc knight.
Fire: a) +2 sling {Johann}
Press: ? - help, Q - select action, (/) - cycle Shift-Dir - straight line, f/p - orc knight
Aim: an orc knight, wielding a +0 glaive and wearing a +0 scale mail (heavily wounded, 69% to hit)
You shoot a sling bullet.
The sling bullet hits the orc knight but does no damage.
The orc knight is heavily wounded.
You shoot a sling bullet.
The sling bullet hits the orc knight but does no damage.
The orc knight is heavily wounded.
The orc knight hits you from afar with a +0 glaive!
You die...

##..)..##
###)###
#...#
#...#
#...#
#÷).#
###'###
##..)..##
#.....♣.#
#..#ß#..#
#..#.#o.#
#.....).#
#.....).#
##.....##
##'''##
#.....
#.!!!.#


You could see an orc knight.

Vanquished Creatures
  Joseph (D:8)
  Menkaure (D:5)
  A steam dragon (D:6)
  Eustachio (D:5)
  A water moccasin (D:7)
  5 orc warriors (Bailey)
  A sky beast (D:7)
  An ice beast (D:7)
  An ogre (D:5)
  2 phantoms
  3 bullfrogs (D:7)
  2 gnoll sergeants
  4 scorpions
  3 howler monkeys (D:7)
  A hound (D:5)
  2 bombardier beetles
  A jelly (D:6)
  An orc priest (D:6)
  A sleepcap (D:4)
  Jessica (D:3)
  Natasha (twice) (D:2)
  7 iguanas
  2 orc wizards
  7 adders
  9 gnolls
  3 shadow imps
  A white imp (D:8)
  An ufetubus (D:5)
  3 dart slugs
  2 ribbon worms
  41 orcs
  7 endoplasms
  4 giant cockroaches
  7 goblins
  9 hobgoblins
  2 quokkas
  8 ball pythons
  8 bats
  A frilled lizard (D:1)
  5 kobolds
  10 rats
173 creatures vanquished.

Vanquished Creatures (collateral kills)
  A gnoll bouda (D:5)
  3 gnolls (D:5)
4 creatures vanquished.

Vanquished Creatures (others)
  A gnoll (D:5)
1 creature vanquished.

Grand Total: 178 creatures vanquished

Notes
Turn   | Place    | Note
-------+----------+-------------------------------------------
     0 | D:1      | gimp the Coglin Hunter began the quest for the Orb.
     0 | D:1      | Reached XP level 1. HP: 16/16 MP: 1/1
     6 | D:1      | Noticed an anaconda
     6 | D:1      | Noticed a swamp drake
     6 | D:1      | Noticed a killer bee
     7 | D:1      | Noticed a swamp worm
     7 | D:1      | Noticed a black bear
    72 | D:1      | Reached XP level 2. HP: 22/22 MP: 2/2
    83 | D:1      | Reached skill level 4 in Ranged Weapons
   307 | D:1      | Reached XP level 3. HP: 28/28 MP: 3/3
   363 | D:1      | Found a faded altar of an unknown god.
  1114 | D:2      | Found a basalt altar of Yredelemnul.
  1210 | D:2      | Reached XP level 4. HP: 34/34 MP: 4/4
  1260 | D:2      | Noticed Natasha
  1264 | D:2      | Killed Natasha
  1367 | D:2      | Reached skill level 5 in Ranged Weapons
  1367 | D:2      | Reached XP level 5. HP: 35/41 MP: 5/5
  1439 | D:3      | You fall into a shaft and drop 1 floor!
  1594 | D:4      | Noticed a phantom
  1611 | D:4      | Killed a phantom
  1612 | D:4      | Reached XP level 6. HP: 37/48 MP: 6/6
  1785 | D:3      | Noticed Sigmund
  1935 | D:3      | Reached skill level 6 in Ranged Weapons
  1973 | D:2      | Noticed Natasha
  1980 | D:2      | Killed Natasha
  2020 | D:3      | Identified the +4 dagger "Ultimatum" {flame, rF+ rC- Int+6
                  | Dex+3}
  2184 | D:3      | Noticed Jessica
  2187 | D:3      | Killed Jessica
  2701 | D:5      | Entered Level 5 of the Dungeon
  2899 | D:5      | Noticed Menkaure
  2908 | D:5      | Killed Menkaure
  2909 | D:5      | Reached XP level 7. HP: 30/55 MP: 7/7
  3019 | D:5      | Noticed Eustachio
  3035 | D:5      | Killed Eustachio
  3036 | D:5      | Reached skill level 7 in Ranged Weapons
  3106 | D:5      | Reached skill level 5 in Fighting
  3342 | D:5      | Reached XP level 8. HP: 62/62 MP: 8/8
  3383 | D:5      | Found a sparkling altar of Nemelex Xobeh.
  3986 | D:5      | Reached skill level 8 in Ranged Weapons
  4183 | D:5      | Found a glowing golden altar of the Shining One.
  4781 | D:6      | Found a staircase to the Ecumenical Temple.
  4798 | Temple   | Found a transporter.
  4798 | Temple   | Found a transporter.
  4798 | Temple   | Found a transporter.
  4798 | Temple   | Found a transporter.
  4798 | Temple   | Entered the Ecumenical Temple
  4814 | Temple   | Became a worshipper of Warmaster Okawaru
  5352 | D:7      | Reached skill level 9 in Ranged Weapons
  5590 | D:7      | Reached * piety under Okawaru
  5591 | D:7      | Reached XP level 9. HP: 22/71 MP: 9/9
  6538 | D:7      | Reached skill level 10 in Ranged Weapons
  6808 | D:8      | Noticed Joseph
  6871 | D:8      | Noticed an elephant
  6879 | D:8      | Noticed Maggie
  6884 | D:8      | Found a white marble altar of Elyvilon.
  6935 | D:8      | Killed Joseph
  6949 | D:8      | Found a flagged portal.
  7043 | D:8      | Noticed a two-headed ogre
  7045 | Bailey   | Entered a bailey
  7090 | Bailey   | Reached skill level 11 in Ranged Weapons
  7366 | Bailey   | Reached skill level 1 in Invocations
  7380 | Bailey   | Reached ** piety under Okawaru
  7383 | Bailey   | Noticed an orc knight
  7403 | Bailey   | Gained mutation: You have a somewhat thin skeletal
                  | structure. (Dex +2, Stealth+) [potion of mutation]
  7406 | Bailey   | HP: 3/108 [orc knight/+0 glaive (9)]
  7408 | Bailey   | Slain by an orc knight

Illustrated notes

Levels and vault maps discovered:
D:1:      onia_arrival_zoo_common, layout_basic,
          dreamdust_ecumenical_altar_statues, chequers_serial_rivers_large_a
D:2:      layout_basic, basic_altar, columned_hall_lemuel, uniq_natasha
D:3:      layout_loops_ring, minmay_misc_feat_square, uniq_sigmund, uniq_jessica
D:4:      layout_rooms, minmay_unequal
D:5:      layout_loops_corners, nicolae_tso_swordbearing_angel,
          general_overflow_altar, amcnicky_mini_pool_medium, uniq_eustachio,
          uniq_menkaure
D:6:      layout_basic, minmay_temple_entry_hall
D:7:      layout_basic, serial_corexii_hall, corexii_hall_statues_t,
          corexii_hall_statues_i, nrook_campfire, kennysheep_generic_room_15
D:8:      layout_rooms, grunt_temple_overflow_octagram,
          grunt_lair_entry_orc_guard_hut, enter_bailey_1, uniq_maggie,
          uniq_joseph, uniq_prince_ribbit1
Temple:   hellmonk_temple_divided_pantheon
Bailey:   bailey_polearm_5, bailey

Skill      XL: |  1  2  3  4  5  6  7  8  9 |
---------------+----------------------------+-----
Ranged Weapons | 4 5 6 7 9 11 | 11.3
Fighting       | 3 4 5 6 7 |  7.0
Invocations    | 1 |  1.5
Dodging        | |  1.7
Stealth        | |  0.7

Action                     |  1- 3 |  4- 6 |  7- 9 || total
---------------------------+-------+-------+-------++-------
  Melee: Sling             |       |       |     8 ||     8
   Fire: Sling             |   118 |   266 |   762 ||  1146
  Throw: Throwing net      |       |       |     2 ||     2
 Invoke: Heroism           |       |       |     3 ||     3
  Evoke: Wand              |       |       |     3 ||     3
    Use: Potion            |       |       |     8 ||     8
         Scroll            |       |       |     8 ||     8
 Armour: Leather armour    |     3 |    32 |   160 ||   195
         Skin              |       |       |     3 ||     3
  Dodge: Dodged            |     3 |    23 |   111 ||   137

Table legend: (Time is in decaauts)
 A = Elapsed time spent in this place.
 B = Non-inter-level travel time spent in this place.
 C = Inter-level travel time spent in this place.
 D = Time resting spent in this place.
 E = Time spent auto-exploring this place.
 F = Levels seen in this place.
 G = Mean time per level.
                   A        B        C        D        E       F      G
               +--------+--------+--------+--------+--------+-----+--------+
         Total |   7443 |   7190 |    253 |    245 |   5620 |  10 |  744.3 |
       Dungeon |   7058 |   6812 |    246 |     88 |   5559 |   8 |  882.2 |
        Temple |     30 |     23 |      7 |      0 |      0 |   1 |   30.0 |
        Bailey |    353 |    353 |      0 |    157 |     61 |   1 |  353.0 |
               +--------+--------+--------+--------+--------+-----+--------+

Top non-repeatable levels by time:
     D:5: 1808 daAuts
     D:7: 1472 daAuts
     D:6: 860 daAuts
     D:1: 810 daAuts
     D:2: 722 daAuts
     D:4: 713 daAuts
     D:3: 495 daAuts
  Bailey: 353 daAuts
     D:8: 176 daAuts
  Temple: 30 daAuts
